Map: Orbital Shipyard

Players

thepooptruck - Winner!

  • Race: Terran Terran
  • League: Diamond

LilDicky

  • Race: Terran Terran
  • League: Diamond

VOD

http://www.twitch.tv/tumescentpie

Description

Time

  • Played on: Dec. 7, 2015, 10:27 a.m.
  • Length: 12:16
Show
View Real Time Build Order
Export as new Build Order

thepooptruck Terran - Winner!

Build Orders: MMM Bio 

Get SALT Encoding   

  12  0:01  SCV  
  13  0:13  SCV  
  14  0:20  Supply Depot  
  14  0:25  SCV  
  15  0:42  SCV  
  16  0:44  Barracks  
  16  0:50  Refinery  
  16  0:54  SCV  
  17  1:06  SCV  
  17  1:08  Barracks  
  18  1:18  SCV  
  19  1:33  Orbital Command  
  19  1:34  Reaper  
  19  1:37  Supply Depot  
  20  1:56  Reaper  
  21  2:01  SCV  
  22  2:09  Command Center  
  22  2:12  Reaper  
  22  2:14  SCV  
  24  2:18  Refinery  
  24  2:32  Reaper  
  24  2:33  SCV  
  24  2:37  Supply Depot  
  26  2:47  SCV, Reaper  
  28  2:59  SCV  
  28  3:16  Marine  
  28  3:17  SCV  
  28  3:21  Orbital Command  
  28  3:27  Factory, Marine  
  28  3:29  Barracks  
  29  3:35  SCV  
  30  3:43  Marine  
  30  3:45  Marine  
  30  3:47  SCV  
  33  3:55  SCV  
  34  3:59  SCV  
  35  4:06  Marine x2  
  35  4:07  SCV  
  38  4:16  Marine  
  38  4:17  SCV, Widow Mine  
  40  4:18  Starport  
  40  4:20  SCV  
  43  4:28  Supply Depot  
  43  4:29  Marine  
  43  4:30  Marine  
  43  4:31  SCV  
  46  4:36  Engineering Bay  
  46  4:39  SCV  
  45  4:47  Marine  
  45  4:49  Engineering Bay  
  45  4:50  SCV  
  45  4:52  Factory Tech Lab  
  47  4:53  Marine x2  
  47  4:59  SCV  
  52  5:01  Supply Depot  
  52  5:06  Terran Infantry Weapons Level 1  
  52  5:09  SCV  
  52  5:10  Marine  
  52  5:11  Cyclone, Missile Turret, Marine  
  52  5:13  Medivac  
  58  5:14  SCV  
  58  5:19  Supply Depot  
  58  5:20  Missile Turret  
  60  5:21  SCV  
  60  5:24  Barracks Tech Lab  
  60  5:26  SCV  
  60  5:28  Supply Depot, Marine  
  55  5:50  Marine x2  
  56  6:05  SCV  
  56  6:09  SCV, Marine  
  56  6:10  Siege Tank, Stimpack  
  63  6:12  Medivac  
  63  6:13  Barracks Reactor  
  63  6:16  Supply Depot  
  63  6:18  SCV  
  65  6:21  SCV  
  65  6:22  Refinery  
  65  6:23  Refinery  
  61  6:41  SCV x2  
  61  6:43  Siege Tank  
  66  6:51  Marine x2  
  66  6:53  Barracks Reactor  
  68  6:55  SCV, Medivac  
  71  7:06  SCV  
  72  7:11  Barracks  
  72  7:13  Command Center, Barracks  
  72  7:14  SCV  
  72  7:15  Supply Depot, Marine x3  
  75  7:18  Armory  
  75  7:30  Marine x2  
  75  7:33  Marine x3  
  73  7:58  Marine x2  
  70  7:59  Siege Tank, Marine  
  76  8:10  Marine  
  76  8:12  Marine  
  77  8:16  Marine x2  
  75  8:28  Marine  
  75  8:34  Marine x2  
  67  8:46  Marine  
  66  8:51  Marine  
  66  8:52  Marine  
  57  9:04  Marine  
  57  9:09  Marine  
  58  9:10  Marine  
  58  9:13  Barracks Reactor  
  58  9:15  Terran Infantry Weapons Level 2  
  58  9:16  Terran Infantry Armor Level 1  
  58  9:21  Marine  
  58  9:27  Siege Tank, Marine  
  58  9:28  Viking, Marine  
  65  9:39  Marine  
  65  9:45  Marine x2  
  66  9:46  SCV  
  65  9:57  Marine  
  60  10:03  Marine  
  60  10:05  Marine  
  61  10:13  SCV x2  
  63  10:15  Marine  
  64  10:22  Refinery  
  64  10:25  Marine x2  
  64  10:26  Command Center  
  66  10:29  Barracks  
  66  10:33  Starport Reactor, Marine  
  67  10:36  Barracks  
  67  10:38  SCV x2, Barracks, Supply Depot  
  67  10:40  Supply Depot  
  69  10:43  Supply Depot  
  69  10:46  Combat Shields  
  69  10:56  SCV x2  
  71  10:57  Marine x4  
  71  10:58  Barracks Tech Lab  
  71  10:59  Marauder  
  71  11:02  Siege Tank  
  80  11:08  SCV  
  81  11:13  Medivac x2  
  85  11:31  Marine x2  
  85  11:32  Marine x2  
  87  11:33  Barracks Reactor, Barracks Tech Lab x2  
  87  11:35  SCV, Marauder x2  
  87  11:37  Supply Depot, SCV  
  87  11:38  Supply Depot  
  93  11:42  Missile Turret  
  93  11:44  Missile Turret  
  93  11:52  Marine x3  
Show
View Real Time Build Order
Export as new Build Order

LilDicky Terran 

Build Orders: Mech, Banshee Rush 

Get SALT Encoding   

  12  0:03  SCV  
  13  0:15  SCV  
  14  0:26  Supply Depot  
  14  0:27  SCV  
  15  0:28  Refinery  
  15  0:48  SCV  
  16  0:53  Barracks  
  16  1:00  SCV  
  17  1:13  SCV  
  18  1:25  SCV  
  20  1:41  Refinery  
  20  1:42  Reaper  
  20  1:43  Orbital Command  
  20  1:44  Supply Depot  
  20  1:55  Factory  
  20  2:12  SCV  
  21  2:16  Marine  
  22  2:26  SCV  
  22  2:29  Supply Depot  
  23  2:34  Marine  
  24  2:42  Hellion  
  26  2:44  SCV  
  26  2:45  Starport  
  26  2:52  Marine  
  26  2:54  Supply Depot  
  26  2:56  SCV  
  30  3:09  SCV  
  30  3:10  Marine  
  32  3:17  Factory Tech Lab  
  30  3:21  SCV  
  31  3:27  Marine  
  31  3:30  Supply Depot  
  31  3:33  SCV  
  38  3:45  SCV  
  34  3:56  Banshee  
  34  3:57  SCV, Cloaking Field  
  34  4:00  Marine  
  39  4:02  Command Center  
  39  4:03  Widow Mine  
  39  4:09  SCV  
  42  4:18  Marine  
  42  4:21  SCV  
  44  4:26  Supply Depot  
  44  4:33  SCV  
  44  4:38  Factory Tech Lab  
  45  4:39  Refinery  
  45  4:44  Banshee  
  48  4:45  SCV  
  48  4:46  Marine  
  50  4:55  Factory  
  50  4:57  SCV  
  50  4:58  Supply Depot  
  51  5:03  Engineering Bay  
  51  5:10  SCV  
  51  5:12  Siege Tank  
  55  5:17  Orbital Command  
  55  5:22  SCV, Supply Depot  
  56  5:52  Siege Tank  
  61  6:07  Factory Tech Lab  
  56  6:11  Banshee  
  56  6:13  Command Center  
  59  6:24  Siege Tank  
  62  6:30  Siege Tank  
  62  6:48  SCV  
  62  6:49  SCV  
  62  6:52  Missile Turret  
  64  6:54  Supply Depot  
  64  6:56  Banshee, Siege Tank  
  64  6:58  Refinery  
  64  7:00  SCV  
  64  7:01  SCV  
  72  7:02  Siege Tank  
  72  7:08  Factory  
  75  7:09  Factory  
  75  7:13  SCV, Missile Turret  
  76  7:16  Supply Depot  
  76  7:19  Missile Turret  
  73  7:40  Missile Turret  
  73  7:44  Marine  
  60  7:45  Hellion x2  
  60  7:46  Banshee  
  58  8:01  Marine  
  53  8:06  Hellion  
  38  8:14  Siege Tank  
  38  8:19  Orbital Command  
  39  8:20  SCV  
  36  8:28  Siege Tank  
  36  8:32  Orbital Command  
  37  8:41  Hellion  
  39  9:00  Hellion  
  39  9:02  Orbital Command  
  35  9:19  SCV  
  36  9:26  SCV  
  37  9:32  SCV  
  25  10:01  Hellion x3  
  25  10:02  Hellion  
  30  10:11  Marine  
  30  10:13  Banshee  
  30  10:15  SCV  
  30  10:16  SCV  
  30  10:20  SCV  
  33  10:22  Hellion  
  33  10:28  SCV x2  
  37  10:29  Marine  
  38  10:36  SCV  
  38  10:38  Engineering Bay  
  38  10:40  SCV x2  
  41  10:48  SCV  
  42  10:52  SCV x2  
  42  10:55  Hellion  
  46  11:00  SCV  
  47  11:04  SCV x2  
  47  11:11  Missile Turret  
  49  11:12  SCV, Missile Turret  
  49  11:16  SCV x2, Marine  
  53  11:19  Siege Tank  
  53  11:21  Hellion  
  53  11:25  SCV  
  59  11:28  SCV  
  57  11:41  SCV  
  57  11:42  SCV  
  57  11:44  SCV  
  57  11:45  Hellion  
  57  11:46  Hellion x2  
  66  11:51  Hellion  
  66  11:54  SCV  
Tags
 
Add a new tag
Caveats
  • Supply blocks, unpowered buildings, or Contaminate may cause inaccurate times.
  • Supply counts are checked every 10 seconds.